 Dungeon Crawl Stone Soup version 0.32-a0-871-ge202e49faa (webtiles) character file.

Game seed: 1674073746359927220

126 Autsider the Caller (level 4, -1/21 HPs)
             Began as a Felid Summoner on Mar 29, 2024.
             Slain by an orc wizard
             ... wielding a +0 dagger
              (2 damage)
             ... on level 4 of the Dungeon.
             The game lasted 00:11:43 (2963 turns).

Autsider the Caller (Felid Summoner)                Turns: 2963, Time: 00:11:44

Health: -1/21      AC:  1    Str:  4    XL:     4   Next: 83%
Magic:  7/10       EV: 16    Int: 20    God:
Gold:   184        SH:  0    Dex: 17    Spells: 2/9 levels left
                                        Lives:  0   Deaths: 2

rFire   . . .        (weapon unavailable)
rCold   . . .        (shield unavailable)
rNeg    . . .        (body armour unavailable)
rPois   .            (helmet unavailable)
rElec   .            (cloak unavailable)
rCorr   .            (gloves unavailable)
SInv    +            (boots unavailable)
Will    .....        (no amulet)
Stlth   ++           (no ring)
HPRegen 0.23/turn    (no ring)
MPRegen 0.12/turn

%: no passive effects
@: inugami summoned
A: very small, claws 1, fangs 3, see invisible, shaggy fur 1, stealthy paws, no
weapons or thrown items, no armour, multi-lived
a: no special abilities


You were on level 4 of the Dungeon.
You visited 1 branch of the dungeon, and saw 4 of its levels.

You collected 184 gold pieces.

Inventory:

Jewellery
 c - a ring of ice
 l - an amulet of reflection
Wands
 p - a wand of charming (8)
Scrolls
 d - a scroll of torment {unknown}
 e - a scroll of enchant weapon {unknown}
Potions
 a - 2 potions of magic
 b - a potion of curing {unknown}
 i - 2 potions of haste
 j - a potion of lignification {unknown}
 n - a potion of heal wounds


   Skills:
 - Level 2.6 Dodging
 - Level 2.6 Stealth
 + Level 3.3 Spellcasting
 + Level 5.0 Summonings
 * Level 1.3 Fire Magic


You had 2 spell levels left.
You knew the following spells:

 Your Spells              Type           Power      Damage    Failure   Level
a - Call Canine Familiar  Summ           23%        N/A       4%          3
b - Summon Blazeheart Go  Fire/Summ      16%        N/A       36%         4

Your spell library contained the following spells:

 Spells                   Type           Power      Damage    Failure   Level
 Summon Small Mammal      Summ           92%        N/A       1%          1
 Call Imp                 Summ           46%        N/A       2%          2
 Shock                    Conj/Air       12%        1d3       14%         1
 Swiftness                Air            3%         N/A       38%         3
 Summon Lightning Spire   Summ/Air       13%        N/A       43%         4
 Airstrike                Air            1%         2d(1-17)  80%         4


Dungeon Overview and Level Annotations

Branches:
Dungeon (4/15)
 Temple: D:4-7

Altars:
Sif Muna

Annotations:
D:3 exclusion: orc wizard
D:4 2 transporters


Innate Abilities, Weirdness & Mutations

You have sharp claws.
You have razor-sharp teeth.
You have supernaturally acute eyesight. (SInv)
You are covered in fur. (AC +1)
Your paws help you pounce on unaware monsters.
You are incapable of wielding weapons or throwing items.
You cannot wear armour.
You gain extra lives every three experience levels.


Message History

The poisoned dart hits your inugami!
Your inugami is poisoned.
Your inugami hits the kobold.
The kobold dies!
You start resting.
You feel sick. x7
You are no longer poisoned.
You start resting.
Your inugami looks more healthy.
An orc wizard is nearby!
Your inugami disappears in a puff of smoke!
The orc wizard casts a spell.
The orc wizard flickers and vanishes for a moment.
Casting: Call Canine Familiar (quite dangerous; 4% risk of failure)
Confirm with . or Enter, or press ? or * to list all spells.
You call for your canine familiar and it appears with a howl!
Your inugami hits the orc wizard.
Your inugami completely misses the orc wizard.
The orc wizard hits you with a +0 dagger.
Your inugami hits the orc wizard.
You scratch the orc wizard but do no damage.
The orc wizard is heavily wounded.
The orc wizard completely misses you.
Your inugami barely misses the orc wizard.
You barely miss the orc wizard.
The orc wizard is heavily wounded.
The orc wizard points at you and mumbles some strange words.
The puff of flame hits you!
Ouch! That really hurt!
* * * LOW HITPOINT WARNING * * *
Your inugami barely misses the orc wizard.
You scratch the orc wizard. Your bite misses the orc wizard.
The orc wizard is heavily wounded.
The orc wizard hits you with a +0 dagger.
* * * LOW HITPOINT WARNING * * *
Your inugami closely misses the orc wizard.
You scratch the orc wizard but do no damage.
You bite the orc wizard, but do no damage.
The orc wizard is heavily wounded.
The orc wizard hits you with a +0 dagger.
You die...

#.#~...~#...##.......#
#)#S...S#..###..###...
#.###+###..# #..# #.##
#.#P./.P#..# #..# #.#
#)#ß.©.ß#..###..# #.#
#.#######........ ..#
#....©)...##....# #.#
####..o..###.#.## #.#
##@h......#.#
#######..# # .# #.#. #
.^.. ...o ..#. #. #.
##


You could see 2 electric eels, an orc wizard (invisible, ally target) and a
friendly inugami (summoned).

Vanquished Creatures
  An adder (D:3)
  A giant cockroach (D:1)
  4 hobgoblins
  A quokka (D:4)
  2 bats (D:1)
  3 frilled lizards
  2 goblins (D:1)
  A rat (D:2)
15 creatures vanquished.

Vanquished Creatures (collateral kills)
  Ijyb (D:3)
  2 gnolls (D:4)
  An adder (D:2)
  A ribbon worm (D:2)
  2 orcs (D:3)
  3 ball pythons
  2 bats
  6 endoplasms
  7 goblins
  4 hobgoblins
  4 quokkas
  A frilled lizard (D:2)
  4 kobolds
  3 rats
41 creatures vanquished.

Grand Total: 56 creatures vanquished

Notes
Turn   | Place    | Note
-------+----------+-------------------------------------------
     0 | D:1      | Autsider the Felid Summoner began the quest for the Orb.
     0 | D:1      | Reached XP level 1. HP: 9/9 MP: 4/4
   212 | D:1      | Reached XP level 2. HP: 13/13 MP: 4/6
   856 | D:2      | Slain by an adder
   856 | D:2      | Lost a life (0 lives remaining)
   870 | D:2      | Reached XP level 3. HP: 10/16 MP: 6/8
   874 | D:2      | Learned a level 3 spell: Call Canine Familiar
  1182 | D:2      | Identified the +6 dagger "Nabirghusch" {freeze, rElec rN+
                  | rCorr}
  2110 | D:3      | Found a shimmering blue altar of Sif Muna.
  2266 | D:3      | Reached XP level 4. HP: 21/21 MP: 6/9
  2266 | D:3      | Gained a life (1 life remaining)
  2273 | D:3      | Learned a level 4 spell: Summon Blazeheart Golem
  2330 | D:3      | Noticed Ijyb
  2359 | D:3      | Killed Ijyb
  2478 | D:3      | Reached skill level 5 in Summonings
  2616 | D:4      | HP: 1/21 [poisoned by a kobold]
  2617 | D:3      | Succumbed to a kobold's poison
  2617 | D:3      | Lost a life (0 lives remaining)
  2720 | D:4      | Identified the +7 whip of Qazlal, Gazing {spect, rN+}
  2775 | D:4      | Reached skill level 1 in Fire Magic
  2853 | D:4      | Found a transporter.
  2862 | D:4      | Found a transporter.
  2962 | D:4      | HP: 1/21 [orc wizard/+0 dagger (3)]
  2963 | D:4      | Slain by an orc wizard

Illustrated notes

Levels and vault maps discovered:
D:1:      sevenhm_arrival_forest_fort_large_2, layout_basic, minmay_ruptured
D:2:      layout_basic, serial_glass, glass_columns_a, glass_columns_a
D:3:      layout_loops_ring, led_sif_book, uniq_ijyb
D:4:      gammafunk_steamed_eel, layout_loops_ring,
          amethyst_overflow_temple_binary, corexii_hall_statues_s

Skill      XL: |  1  2  3  4 |
---------------+-------------+-----
Spellcasting   | 3 |  3.3
Summonings     | 5 |  5.0
Fire Magic     | 1 |  1.3
Dodging        | |  2.6
Stealth        | |  2.6

Action                     |  1- 3 |  4- 6 || total
---------------------------+-------+-------++-------
  Melee: Unarmed           |    49 |    14 ||    63
         Bite              |     6 |     1 ||     7
   Cast: Summon Small Mamm |    28 |       ||    28
         Call Canine Famil |    11 |    11 ||    22
    Use: Scroll            |       |     8 ||     8
         Potion            |       |     1 ||     1
   Stab: Sleeping          |     2 |       ||     2
         Distracted        |     1 |       ||     1
 Armour: Skin              |    20 |     9 ||    29
  Dodge: Dodged            |    67 |     9 ||    76

Table legend: (Time is in decaauts)
 A = Elapsed time spent in this place.
 B = Non-inter-level travel time spent in this place.
 C = Inter-level travel time spent in this place.
 D = Time resting spent in this place.
 E = Time spent auto-exploring this place.
 F = Levels seen in this place.
 G = Mean time per level.
                   A        B        C        D        E       F      G
               +--------+--------+--------+--------+--------+-----+--------+
         Total |   2963 |   2824 |    139 |    182 |   1930 |   4 |  740.8 |
       Dungeon |   2963 |   2824 |    139 |    182 |   1930 |   4 |  740.8 |
               +--------+--------+--------+--------+--------+-----+--------+

Top non-repeatable levels by time:
     D:2: 1006 daAuts
     D:1: 846 daAuts
     D:3: 764 daAuts
     D:4: 345 daAuts
